 Dungeon Crawl Stone Soup version 0.31.0-7-gf635a9b802 (webtiles) character file.

Game seed: 3218825171543585218

118005 mdonais the Warrior (level 16, -7/181 HPs)
             Began as a Naga Shapeshifter on Jan 24, 2024.
             Was the Champion of Hepliaklqana.
             Mangled by a goliath frog (15 damage)
             ... on level 2 of the Swamp.
             The game lasted 01:59:20 (29835 turns).

mdonais the Warrior (Naga Shapeshifter)            Turns: 29835, Time: 01:59:21

Health: -7/181     AC:  9    Str: 28    XL:     16   Next: 75%
Magic:  19/19      EV: 15    Int:  8    God:    Hepliaklqana [******]
Gold:   1093       SH:  0    Dex: 19    Spells: 18/19 levels left

rFire   + .          .
                       - Unarmed
rCold   + . .        (shield currently unavailable)
rNeg    . . .        N - melded +1 steam dragon scales
rPois   +            (helmet currently unavailable)
rElec   +            (cloak currently unavailable)
rCorr   .            (gloves currently unavailable)
SInv    +            k - melded +2 barding {rC+}
Will    +++..        r - amulet of regeneration
Stlth   ++++++       o - ring of willpower
HPRegen 1.30/turn    b - ring of Fun {rElec rF+ rC+ Int-2 Dex+6}
MPRegen 0.16/turn

%: no passive effects
@: snake-form, studying Maces & Flails
A: constrict, boosted hp, reduced essence, AC +5, large, see invisible,
(deformed body), (poison resistance), (slowness 2), spit poison 1, (naga tail 2)
a: Spit Poison, Begin Untransformation, Renounce Religion, Recall Ancestor,
Ancestor Identity, Transference, Idealise


You were on level 2 of the Swamp.
You worshipped Hepliaklqana.
Hepliaklqana was exalted by your worship.
You were an enormous serpent.
You visited 5 branches of the dungeon, and saw 25 of its levels.
You also visited: Gauntlet.

You collected 2314 gold pieces.
You spent 1221 gold pieces at shops.

Inventory:

Hand Weapons
 C - a +2 longbow of flaming
   (You took it off Nessos on level 3 of the Lair of Beasts)
 Y - the +7 whip "Pabiafobb" {speed, +Blink rC++ MP-9}
   (You took it off a minotaur in a Gauntlet)

   rC++:      It greatly protects you from cold.
   MP-9:      It affects your magic capacity (-9).
   +Blink:    It lets you blink.
Missiles
 v - 7 javelins
 F - 3 curare-tipped darts
 Z - 3 throwing nets {=!f}
Armour
 k - a +2 barding of cold resistance (melded)
   (You took it off Nessos on level 3 of the Lair of Beasts)
 J - the +1 robe of the Learner {Rampage rN+++ Str-2 Int-3}
   (You found it on level 12 of the Dungeon)

   Str-2:     It affects your strength (-2).
   Int-3:     It affects your intelligence (-3).
   rN+++:     It renders you almost immune to negative energy.
   Rampage:   It bestows one free step when moving towards enemies.
 N - +1 steam dragon scales (melded)
   (You took it off Maggie on level 7 of the Dungeon)
Jewellery
 b - the ring of Fun (right hand) {rElec rF+ rC+ Int-2 Dex+6}
   (You found it in a Gauntlet)

   [ring of dexterity]

   Int-2:     It affects your intelligence (-2).
   Dex+6:     It affects your dexterity (+6).
   rF+:       It protects you from fire.
   rC+:       It protects you from cold.
   rElec:     It insulates you from electricity.
 c - a ring of protection from cold
   (You took it off Erica on level 9 of the Dungeon)
 f - a ring of protection from fire
   (You found it on level 5 of the Dungeon)
 g - a ring of resist corrosion
   (You found it in a Gauntlet)
 o - a ring of willpower (left hand)
   (You acquired it on level 9 of the Dungeon)
 r - an amulet of regeneration (around neck)
   (You found it in a Gauntlet)
 P - the ring "Zuynach" {rC- rN++ EV+5 Dex+4}
   (You found it in a Gauntlet)

   [ring of evasion]

   EV+5:      It affects your evasion (+5).
   Dex+4:     It affects your dexterity (+4).
   rC-:       It makes you vulnerable to cold.
   rN++:      It greatly protects you from negative energy.
Talismans
 e - a maw talisman
   (You found it on level 11 of the Dungeon)
 l - a flux talisman
   (You found it on level 1 of the Dungeon)
 z - a serpent talisman (active)
   (You found it on level 5 of the Dungeon)
Wands
 y - a wand of quicksilver (23)
   (You found it on level 5 of the Dungeon)
 D - a wand of digging (5)
   (You found it in a Gauntlet)
 G - a wand of mindburst (12)
   (You found it on level 5 of the Dungeon)
 L - a wand of charming (19)
   (You found it on level 8 of the Dungeon)
 M - a wand of roots (27)
   (You found it on level 7 of the Dungeon)
 V - a wand of flame (29)
   (You found it on level 3 of the Dungeon)
Scrolls
 a - a scroll of fear
 d - 7 scrolls of immolation
 u - 3 scrolls of poison
 x - 5 scrolls of fog
 B - 8 scrolls of blinking
 I - a scroll of revelation
 K - a scroll of torment {unknown}
 S - 2 scrolls of vulnerability
 T - a scroll of teleportation
Potions
 h - a potion of magic
 i - 4 potions of attraction
 j - 2 potions of lignification
 m - a potion of cancellation
 n - 5 potions of might
 p - 3 potions of invisibility
 q - a potion of mutation
 s - 4 potions of heal wounds
 w - 5 potions of berserk rage
 A - 5 potions of enlightenment {unknown}
 E - 2 potions of ambrosia
 H - 8 potions of haste
 Q - 8 potions of curing
 W - 2 potions of brilliance
Miscellaneous
 U - a phial of floods
   (You found it in a Gauntlet)


   Skills:
 + Level 16.9 Fighting
 - Level 9.0 Dodging
 + Level 14.0 Stealth
 + Level 16.9 Unarmed Combat
 - Level 2.0 Spellcasting
 - Level 6.0 Evocations
 - Level 10.0 Shapeshifting


You had 18 spell levels left.
You knew the following spells:

 Your Spells              Type           Power      Damage    Failure   Level
a - Apportation           Tloc           0%         N/A       34%         1

Your spell library contained the following spells:

 Spells                   Type           Power      Damage    Failure   Level
 Shock                    Conj/Air       0%         1d3       34%         1
 Jinxbite                 Hex            0%         N/A       47%         2
 Static Discharge         Conj/Air       0%         3-3/arc   47%         2
 Call Canine Familiar     Summ           0%         N/A       71%         3
 Dazzling Flash           Conj/Hex       0%         N/A       71%         3
 Hailstorm                Conj/Ice       0%         3d5       71%         3
 Sigil of Binding         Hex            0%         N/A       71%         3
 Summon Ice Beast         Ice/Summ       0%         N/A       71%         3
 Swiftness                Air            0%         N/A       71%         3
 Volatile Blastmotes      Fire/Tloc      0%         2d10      71%         3
 Airstrike                Air            0%         2d(0-16)  98%         4
 Cause Fear               Hex            0%         N/A       98%         4
 Dimensional Bullseye     Hex/Tloc       0%         N/A       98%         4
 Summon Lightning Spire   Summ/Air       0%         N/A       98%         4
 Alistair's Intoxication  Alch           0%         N/A       100%        5
 Fireball                 Conj/Fire      0%         3d3       100%        5
 Sculpt Simulacrum        Ice/Alch       0%         N/A       100%        6
 Starburst                Conj/Fire      0%         6d3       100%        6
 Ozocubu's Refrigeration  Ice            0%         4d7       100%        7
 Maxwell's Capacitive Co  Air            0%         ∞         100%        8
 Dragon's Call            Summ           0%         N/A       100%        9
 Polar Vortex             Ice            0%         N/A       100%        9


Dungeon Overview and Level Annotations

Branches:
Dungeon (15/15) Zot: 25879  Temple (1/1) D:4 Zot: 5983    Lair (5/5) D:11 Zot: 23491
  Swamp (2/4) Lair:3 Zot: 11072   Snake (0/4) Lair:2        Slime (0/5) Lair:4
    Orc (2/2) D:11 Zot: 8880     Elf (0/3) Orc:2        Vaults (0/5) D:13
 Depths (0/4) D:15        Gauntlet (visited)

Altars:
Ashenzari
Cheibriados
Dithmenos
Elyvilon
Fedhas
Gozag
Hepliaklqana
Kikubaaqudgha
Makhleb
Nemelex Xobeh
Okawaru
Qazlal
Ru
Sif Muna
Trog
Uskayaw
Vehumet
Wu Jian
Xom
Yredelemnul
Zin
The Shining One
Jiyva

Shops:
D:1 (   Orc:2 !?=!*


Innate Abilities, Weirdness & Mutations

You are an enormous serpent.
You have a powerful constriction melee attack.
Your maximum health is increased.
Your armour is entirely melded.
You are incapable of wielding weapons or throwing items.
Your life essence is reduced to manifest your ancestor. (-10% HP)
((Your serpentine skin is tough. (AC +5)))
You have supernaturally acute eyesight. (SInv)
((Armour fits poorly on your strangely shaped body.))
((Your system is resistant to poisons. (rPois)))
((You cover ground very slowly.))
You can spit poison.
((You can use your snake-like lower body to constrict enemies.))


Message History

John Cena hits the tyrant leech with a +0 dagger of draining.
John Cena drains the tyrant leech.
You catch the helpless tyrant leech completely off-guard!
You body-slam the tyrant leech!!
You kill the tyrant leech!
You start resting.
Ancestor HP restored.
You regained 20 hp, and now have 161/181 hp.
You start resting.
HP restored.
Health restored: 181 You enter the shallow water.
V - a wand of flame (29) (gained 9 charges)
You enter the shallow water.
A bunyip comes into view.
The bunyip gives a hideous shriek!
You enter the shallow water.
A bunyip comes into view.
Found 21 gold pieces.
An alligator and a bunyip come into view.
The bunyip claws you! The bunyip barely misses you. The bunyip claws you!!
You take 39 damage, and have 142/181 hp.
MASSIVE DAMAGE!!
You crush the bunyip!!! You grab the bunyip.
The bunyip is heavily wounded.
You constrict the bunyip.
The bunyip gives a hideous shriek!
You body-slam the bunyip!!
The bunyip is severely wounded.
You constrict the bunyip. You lash the bunyip!
The bunyip is almost dead.
You constrict the bunyip.
A swamp worm comes into view.
You lash the bunyip!
You kill the bunyip!
The bunyip claws John Cena!!
The bunyip barely misses John Cena. x2
You barely miss the alligator. You grab the alligator.
You constrict the alligator.
John Cena barely misses the bunyip.
The alligator closely misses you. The alligator completely misses you.
The bunyip howls a warning cry!
John Cena gestures at the bunyip while chanting.
The bunyip appears confused.
You hear a hideous shriek!
You hear a shout!
You hear a roar!
You hear a shout!
You body-slam the alligator!!
The alligator is heavily wounded.
You constrict the alligator! The alligator tail-slaps you.
The alligator closely misses you.
You take 4 damage, and have 143/181 hp.
You body-slam the alligator!!
You kill the alligator!
John Cena barely misses the bunyip.
The swamp worm fires a harpoon shot at you.
The harpoon shot hits you!
You are yanked forward by the harpoon shot.
A bunyip comes into view.
John Cena hits the bunyip with a +0 dagger of draining!
John Cena drains the bunyip.
Found a quarterstaff.
You take 8 damage, and have 135/181 hp.
You closely miss the swamp worm. Your grab misses the swamp worm.
The bunyip claws John Cena!
The bunyip barely misses John Cena.
The bunyip completely misses John Cena.
John Cena hits the bunyip but does no damage.
John Cena drains the bunyip.
The swamp worm bites you!
You take 11 damage, and have 124/181 hp.
You crush the swamp worm!!!
You kill the swamp worm!
A spriggan air mage comes into view.
John Cena casts a spell at the bunyip.
The bunyip easily resists.
You enter the shallow water.
The bunyip closely misses you. x2
The bunyip claws you!!
The bunyip howls a warning cry!
John Cena points at the bunyip and mumbles some strange words.
The bunyip easily resists.
The spriggan air mage shouts!
You hear a chilling moan.
You take 17 damage, and have 108/181 hp.
You barely miss the bunyip. Your grab misses the bunyip.
The spriggan air mage waves its arms in wide circles.
The air twists around and strikes you!!
John Cena hits the bunyip but does no damage.
You take 20 damage, and have 88/181 hp.
You are too injured to fight recklessly!
As you read the scroll of teleportation, it crumbles to dust.
You feel strangely unstable.
The bunyip howls a warning cry!
You hear a shout!
You regained 2 hp, and now have 90/181 hp.
Your surroundings suddenly seem different.
A goliath frog, an eleionoma and a swamp worm come into view.
The eleionoma flows through the trees.
As you read the scroll of summoning, it crumbles to dust.
Wisps of shadow whirl around you...
The eleionoma hurls a spray of splinters at you.
The spray of wooden splinters hits your four-headed hydra!!
You regained 2 hp, and now have 94/181 hp.
Found a wand of flame (7), 25 gold pieces and a potion of attraction.
The swamp worm barely misses you.
The eleionoma hurls a spray of splinters at you.
The spray of wooden splinters hits your four-headed hydra!!!
Your four-headed hydra dies!
Your four-headed hydra's corpse dissolves into shadows!
The spriggan air mage points at you and mumbles some strange words.
The bolt of lightning hits you! You resist.
Your alligator tail-slaps the swamp worm.
Your alligator misses the swamp worm. The swamp worm misses you.
You hear a roar!
You take 9 damage, and have 85/181 hp.
You body-slam the swamp worm!!
Your grab misses the swamp worm.
The swamp worm is severely wounded.
John Cena has departed this plane of existence.
Your alligator tail-slaps the swamp worm!
The swamp worm dies!
Your Stealth skill increases to level 14!
You hit the bunyip. You grab the bunyip.
The bunyip is lightly wounded.
You constrict the bunyip. The bunyip completely misses you.
The bunyip claws you! The bunyip claws you!!
* * * LOW HITPOINT WARNING * * *
You take 39 damage, and have 47/181 hp.
MASSIVE DAMAGE!!
John Cena is still trapped in memory!
You body-slam the bunyip!!
The bunyip is heavily wounded.
You constrict the bunyip.
The eleionoma hurls a spray of splinters at you.
The spray of wooden splinters hits your alligator!!
You hit the bunyip.
The bunyip is heavily wounded.
You constrict the bunyip.
Your alligator tail-slaps the eleionoma.
Your alligator barely misses the eleionoma.
The goliath frog hits you from afar.
* * * LOW HITPOINT WARNING * * *
You are splashed with acid!
* * * LOW HITPOINT WARNING * * *
Your tyrant leech bites the eleionoma!!
Your tyrant leech draws strength from the eleionoma's injuries!
You take 13 damage, and have 35/181 hp.
You body-slam the bunyip!!
The bunyip is almost dead.
You constrict the bunyip.
You kill the bunyip!
Your alligator barely misses the eleionoma.
Your alligator bites the eleionoma!
The spriggan air mage waves its arms in wide circles.
The air twists around and strikes you!!
* * * LOW HITPOINT WARNING * * *
The eleionoma hits your alligator!! The goliath frog hits you from afar!
You die...

.♣♣♣♣♣x~~~~~~..~~~.~~~.
♣♣♣♣♣....~~§~~..~~.~~~~!
♣ ♣§...~...~~~~..~~~~~~$
♣♣..~~.~~~.~~~~~~~~..~~.
♣♣♣~~.~~~.~~..~~~~~~~~.
♣...~~.~....~~~~~~~..
♣♣♣~).♣♣~..~iF.~~§~~.
♣♣♣♣♣ ♣..w...~~~~.~
♣♣.RlS.~~~~..
♣~~†..~~~.♣♣
♣......~~~.~♣
♣.~~~.§§~~.~/
♣♣~~..~~~.§♣.
♣~.~....~♣♣ ♣♣♣♣♣♣.§♣♣
♣♣♣


You could see an eleionoma (ally target), a spriggan air mage (repels missiles),
a goliath frog, a friendly alligator (summoned) and a friendly tyrant leech
(summoned).

Vanquished Creatures
  Jorgrun (Swamp:1)
  Kirke (D:15)
  An ironbound preserver (D:13)
  Nessos (Lair:3)
  3 bunyips
  An eleionoma (Swamp:1)
  A minotaur (Gauntlet)
  5 dire elephants
  An ettin (Orc:2)
  The ghost of pigah the Black Belt, a journeyman OpSh of Gozag (Lair:2)
  Harold (Lair:1)
  2 hydras
  9 two-headed ogres
  4 catoblepae
  3 centaur warriors
  A boulder beetle (D:13)
  A tengu warrior (D:15)
  An alligator (Swamp:2)
  2 death yaks (Lair:5)
  An orc high priest (Orc:2)
  3 spriggans (Swamp:1)
  A skyshark (Lair:3)
  A spectral anaconda (Lair:5)
  A goliath frog (Swamp:1)
  A salamander mystic (D:15)
  A spriggan druid (Swamp:1)
  An obsidian statue (Lair:5)
  A bog body (Swamp:2)
  2 deep elf pyromancers
  A harpy (shapeshifter) (D:15)
  A wolf spider (D:15)
  3 necromancers (Lair:5)
  7 orc knights
  3 manticores
  2 orc sorcerers (Orc:2)
  A salamander (Lair:2)
  A moth of wrath (Gauntlet)
  A will-o-the-wisp (Swamp:2)
  An oklob plant (D:11)
  5 cyclopes
  11 ugly things
  Maurice (Orc:1)
  31 elephants
  4 black mambas
  A dire elephant skeleton (Lair:5)
  A minotaur zombie (Gauntlet)
  9 cane toads
  A gargoyle (D:12)
  12 komodo dragons
  The ghost of LoggersVIII the Sneak, a novice OpEE of Dithmenos (D:5)
  4 trolls
  3 hornets
  5 polar bears (Lair:5)
  2 tyrant leeches
  10 saltlings (Orc:2)
  16 blink frogs
  5 dream sheep (Lair:5)
  8 slime creatures
  A vampire (D:9)
  3 shadows
  A wraith (D:9)
  2 wyverns
  2 hogs
  4 basilisks
  25 yaks
  A human (D:10)
  2 wargs
  3 vampire mosquitoes (D:13)
  2 death yak simulacra (Lair:5)
  Menkaure (D:4)
  3 nagas (Lair:2)
  2 acid dragons
  2 spectral cane toads (Lair:5)
  16 water moccasins
  8 swamp worms
  A swamp drake (Swamp:1)
  4 black bears
  12 orc warriors
  2 ice beasts
  5 ogres
  4 laughing skulls (D:15)
  28 wolves
  21 centaurs
  3 elephant skeletons (Lair:5)
  2 phantoms
  2 kobold brigands
  2 gnoll sergeants
  11 bullfrogs
  3 scorpions
  A cane toad simulacrum (Lair:5)
  8 wights
  An elephant simulacrum (Lair:5)
  8 killer bees
  2 electric eels
  5 howler monkeys
  Crazy Yiuf (D:4)
  2 hounds
  A jelly (D:5)
  9 orc priests
  A bombardier beetle (D:3)
  A water moccasin simulacrum (D:5)
  An iguana (D:5)
  A sleepcap (D:5)
  2 hexers
  10 orc wizards
  2 centaur simulacra
  5 ogre zombies (D:11)
  8 gnolls
  7 adders
  A hound simulacrum (D:5)
  A shadow imp (D:7)
  3 white imps
  2 dart slugs
  2 ribbon worms
  34 orcs
  9 endoplasms
  2 giant cockroaches
  5 goblins
  11 hobgoblins
  4 jackals (D:2)
  6 quokkas
  6 ball pythons
  5 bats
  2 gnoll skeletons (D:11)
  3 gnoll zombies (D:11)
  9 kobolds
  An orc skeleton (D:11)
  10 orc zombies (D:11)
  4 rats
  2 butterflies (Lair:1)
580 creatures vanquished.

Vanquished Creatures (collateral kills)
  2 dire elephants (Lair:5)
  3 hydras
  2 two-headed ogres
  A tengu warrior (D:15)
  Erica (D:9)
  An orc high priest (Orc:1)
  2 goliath frogs
  An ugly thing (D:13)
  A cyclops (D:13)
  2 orc sorcerers (Orc:2)
  A manticore (D:7)
  5 elephants
  3 cane toads
  Joseph (D:7)
  5 komodo dragons
  Jeremiah (D:6)
  Maggie (D:7)
  2 trolls
  A polar bear (Lair:3)
  3 hornets
  2 dream sheep (Lair:5)
  2 blink frogs
  A tyrant leech (Gauntlet)
  2 slime creatures (D:9)
  A centaur simulacrum (D:13)
  A wyvern (D:8)
  3 shadows
  2 basilisks (Lair:2)
  13 yaks
  3 hogs
  A death yak simulacrum (Lair:5)
  2 swamp worms (Swamp:2)
  A spectral cane toad (Lair:5)
  3 water moccasins
  2 ice beasts
  3 orc warriors
  A black bear (D:8)
  3 ogres
  2 phantoms
  2 wolves (Lair:2)
  4 centaurs
  2 kobold brigands
  A bullfrog (D:6)
  A scorpion (D:7)
  7 wights (D:8)
  5 killer bees
  4 orc priests
  2 hounds
  A gnoll bouda (D:7)
  4 orc wizards
  A bullfrog simulacrum (D:5)
  An ogre zombie (D:11)
  4 gnolls
  2 adders
  3 white imps
  An adder simulacrum (D:5)
  17 orcs
  A gnoll skeleton (D:11)
  6 kobolds
  2 orc zombies (D:11)
  2 butterflies (Lair:1)
160 creatures vanquished.

Vanquished Creatures (others)
  A bog body (Swamp:1)
  4 bloated husks
  A howler monkey (D:14)
  26 hexers
  4 ancestors
  2 foxfires (Swamp:2)
38 creatures vanquished.

Grand Total: 778 creatures vanquished

Notes
Turn   | Place    | Note
-------+----------+-------------------------------------------
     0 | D:1      | mdonais the Naga Shapeshifter began the quest for the Orb.
     0 | D:1      | Reached XP level 1. HP: 18/18 MP: 1/1
    80 | D:1      | Reached skill level 1 in Stealth
   180 | D:1      | Reached XP level 2. HP: 25/25 MP: 2/2
   381 | D:1      | Found Corph's Antique Weapon Emporium.
   752 | D:1      | Reached XP level 3. HP: 28/29 MP: 3/3
  1113 | D:2      | Found a faded altar of an unknown god.
  1976 | D:3      | Reached XP level 4. HP: 37/40 MP: 4/4
  2106 | D:3      | Noticed a scorpion
  2479 | D:3      | Reached XP level 5. HP: 27/48 MP: 5/5
  2664 | D:4      | Found a broken altar of Ashenzari.
  2821 | D:4      | Noticed an ogre
  2830 | D:4      | Noticed Menkaure
  2835 | D:4      | Killed Menkaure
  2836 | D:4      | Reached skill level 5 in Unarmed Combat
  2836 | D:4      | Reached XP level 6. HP: 30/57 MP: 6/6
  3071 | D:4      | Found a staircase to the Ecumenical Temple.
  3126 | D:4      | Reached XP level 7. HP: 58/64 MP: 7/7
  3241 | D:4      | Found a burning altar of Makhleb.
  3247 | D:4      | Found a bloodstained altar of Trog.
  3272 | Temple   | Entered the Ecumenical Temple
  3279 | Temple   | Became a worshipper of Hepliaklqana the Forgotten
  3595 | D:4      | Found a shadowy altar of Dithmenos.
  3596 | D:4      | Found a sparkling altar of Nemelex Xobeh.
  3598 | D:4      | Found an opulent altar of Gozag.
  3600 | D:4      | Found a snail-covered altar of Cheibriados.
  3723 | D:4      | Found a runed translucent door.
  3724 | D:4      | Noticed Crazy Yiuf
  3760 | D:5      | Entered Level 5 of the Dungeon
  4119 | D:5      | Found a runed translucent gate.
  4120 | D:5      | Found a runed translucent gate.
  4121 | D:5      | Found a runed translucent gate.
  4276 | D:5      | Reached XP level 8. HP: 28/73 MP: 8/8
  4435 | D:5      | Reached * piety under Hepliaklqana
  4535 | D:5      | Reached skill level 5 in Fighting
  5191 | D:5      | Found a radiant altar of Vehumet.
  5201 | D:5      | Found an ancient bone altar of Kikubaaqudgha.
  5204 | D:5      | Found a shimmering blue altar of Sif Muna.
  5211 | D:5      | Got Sif Muna's Writings on Displacement
  5323 | D:5      | Noticed LoggersVIII's ghost (novice OpEE)
  5663 | D:6      | Noticed Jeremiah
  6046 | D:6      | Reached skill level 1 in Evocations
  6180 | D:6      | Reached XP level 9. HP: 68/75 MP: 9/9
  6473 | D:6      | Reached ** piety under Hepliaklqana
  6474 | D:6      | Remembered your ancestor John Cena as a hexer
  6874 | D:6      | Identified a scroll of acquirement
  7177 | D:4      | Killed Crazy Yiuf
  7287 | D:5      | Killed LoggersVIII's ghost
  7543 | D:7      | Noticed Joseph
  7616 | D:7      | Noticed Maggie
  7662 | D:7      | Killed Maggie
  7713 | D:7      | Noticed a manticore
  8210 | D:7      | Killed a manticore
  8211 | D:7      | Reached XP level 10. HP: 87/88 MP: 10/10
  8335 | D:7      | Reached skill level 10 in Unarmed Combat
  8599 | D:7      | Killed Joseph
  8771 | D:6      | Killed Jeremiah
  8772 | D:6      | Reached skill level 10 in Fighting
  9188 | D:8      | Reached *** piety under Hepliaklqana
  9482 | D:8      | Reached skill level 5 in Shapeshifting
  9668 | D:8      | Identified the +3 war axe of Tumult {protect, rElec rF++}
  9722 | D:8      | Noticed a two-headed ogre
  9737 | D:8      | Killed a two-headed ogre
 10133 | D:9      | Reached XP level 11. HP: 80/97 MP: 11/11
 10340 | D:9      | Noticed a two-headed ogre
 10375 | D:9      | Killed a two-headed ogre
 11303 | D:9      | Reached skill level 10 in Shapeshifting
 11486 | D:9      | Paralysed by a hornet for 1 turns
 11813 | D:9      | Noticed Erica
 11817 | D:9      | Killed Erica
 12660 | D:10     | Entered Level 10 of the Dungeon
 12729 | D:10     | Reached **** piety under Hepliaklqana
 13145 | D:10     | Reached XP level 12. HP: 87/105 MP: 12/12
 13483 | D:10     | Found an iron altar of Okawaru.
 13981 | D:11     | Found a staircase to the Orcish Mines.
 14068 | D:11     | Found a staircase to the Lair.
 14140 | D:11     | Reached skill level 5 in Dodging
 15048 | Orc:1    | Entered Level 1 of the Orcish Mines
 15056 | Orc:1    | Noticed an orc high priest
 15059 | Orc:1    | Noticed a soul eater
 15075 | Orc:1    | Killed an orc high priest
 15076 | Orc:1    | Reached skill level 5 in Stealth
 15239 | Orc:1    | Noticed Maurice
 15246 | Orc:1    | Noticed a two-headed ogre
 15255 | Orc:1    | Killed a two-headed ogre
 15317 | Orc:1    | Killed Maurice
 15363 | Orc:1    | Found a burning altar of Makhleb.
 15523 | Orc:2    | Entered Level 2 of the Orcish Mines
 16028 | Orc:2    | Gained mutation: You can use your snake-like lower body to
                  | constrict enemies. [Naga growth]
 16028 | Orc:2    | Reached XP level 13. HP: 116/116 MP: 13/13
 16083 | Orc:2    | Found a staircase to the Elven Halls.
 16140 | Orc:2    | Found Opyadag's Distillery.
 16371 | Orc:2    | Reached skill level 10 in Stealth
 16444 | Orc:2    | Reached ***** piety under Hepliaklqana
 16708 | Orc:2    | Noticed an ettin
 16931 | Orc:2    | Killed an ettin
 17136 | Orc:2    | Found Buasch's Magic Scroll Shop.
 17142 | Orc:2    | Bought a scroll of blinking for 90 gold pieces
 17156 | Orc:2    | Found Mixtusa Depu's General Store.
 17158 | Orc:2    | Found Cepawi's Distillery.
 17163 | Orc:2    | Bought a potion of heal wounds for 80 gold pieces
 17167 | Orc:2    | Bought a potion of heal wounds for 75 gold pieces
 17167 | Orc:2    | Bought a potion of might for 60 gold pieces
 17181 | Orc:2    | Found Liqomm's Jewellery Shoppe.
 17745 | Orc:2    | Bought a potion of haste for 130 gold pieces
 17745 | Orc:2    | Bought a potion of curing for 39 gold pieces
 17745 | Orc:2    | Bought a potion of curing for 39 gold pieces
 17745 | Orc:2    | Bought a potion of might for 52 gold pieces
 17745 | Orc:2    | Bought a potion of might for 52 gold pieces
 17844 | Orc:2    | Bought a potion of berserk rage for 80 gold pieces
 17943 | Orc:2    | Bought a potion of magic for 104 gold pieces
 18037 | Orc:2    | Bought an amulet of guardian spirit for 420 gold pieces
 18224 | Lair:1   | Entered Level 1 of the Lair of Beasts
 18306 | Lair:1   | Reached skill level 1 in Spellcasting
 18580 | Lair:1   | Noticed Harold
 18592 | Lair:1   | Killed Harold
 18635 | Lair:1   | Reached XP level 14. HP: 126/126 MP: 14/17
 18791 | Lair:1   | Found a gate leading to a gauntlet.
 18800 | Gauntlet | Entered a Gauntlet
 18800 | Gauntlet | Found a transporter.
 18840 | Gauntlet | Found a transporter.
 18855 | Gauntlet | Found a transporter.
 18860 | Gauntlet | Found a transporter.
 18875 | Gauntlet | Found a transporter.
 18894 | Gauntlet | Found a transporter.
 18909 | Gauntlet | Found a transporter.
 18918 | Gauntlet | Found a transporter.
 18924 | Gauntlet | Found a transporter.
 18924 | Gauntlet | Found a transporter.
 18939 | Gauntlet | Found a transporter.
 18951 | Gauntlet | Found a transporter.
 18968 | Gauntlet | Found a transporter.
 18968 | Gauntlet | Found a transporter.
 18990 | Gauntlet | Found a transporter.
 19026 | Gauntlet | Found a transporter.
 19103 | Gauntlet | Found a transporter.
 19150 | Gauntlet | Found a transporter.
 19320 | Gauntlet | Identified the ring "Zuynach" {rC- rN++ EV+5 Dex+4}
 19400 | Gauntlet | Identified the +7 whip "Pabiafobb" {speed, +Blink rC++
                  | MP-9}
 19419 | Gauntlet | Identified the ring of Fun {rElec rF+ rC+ Int-2 Dex+6}
 19741 | Lair:1   | Learned a level 1 spell: Apportation
 20162 | Lair:2   | Found a runed translucent gate.
 20162 | Lair:2   | Found a runed translucent gate.
 20162 | Lair:2   | Found a runed translucent gate.
 20163 | Lair:2   | Noticed pigah's ghost (journeyman OpSh)
 20274 | Lair:2   | Found a staircase to the Snake Pit.
 21110 | Lair:3   | Found a staircase to the Swamp.
 21329 | Lair:3   | Noticed Nessos
 21335 | Lair:3   | Killed Nessos
 21621 | Lair:3   | Noticed a dire elephant
 21628 | Lair:3   | Killed a dire elephant
 21819 | Lair:3   | Reached ****** piety under Hepliaklqana
 22887 | Lair:4   | Found a viscous altar of Jiyva.
 22892 | Lair:4   | Found a staircase to the Slime Pits.
 23013 | Lair:5   | Entered Level 5 of the Lair of Beasts
 23036 | Lair:5   | Reached XP level 15. HP: 136/136 MP: 18/18
 23365 | Lair:5   | Reached skill level 15 in Fighting
 23365 | Lair:5   | Reached skill level 15 in Unarmed Combat
 24280 | Lair:5   | Reached skill level 5 in Evocations
 24375 | Lair:5   | Identified the +4 broad axe of the Sage {flame, *Noise
                  | rCorr Stlth+}
 25400 | Lair:2   | Killed pigah's ghost
 26043 | D:12     | Identified the +1 robe of the Learner {Rampage rN+++ Str-2
                  | Int-3}
 26747 | D:13     | Found a gate to the Vaults.
 26880 | D:13     | Reached XP level 16. HP: 147/147 MP: 19/19
 27401 | D:14     | Found a hazy altar of Hepliaklqana.
 27464 | D:15     | Entered Level 15 of the Dungeon
 27535 | D:15     | Noticed Kirke
 27744 | D:15     | Found a staircase to the Depths.
 27954 | D:15     | Found a stormy altar of Qazlal.
 28186 | D:15     | Killed Kirke
 28500 | D:15     | Acquired a ring of willpower
 28678 | Swamp:1  | Entered Level 1 of the Swamp
 29339 | Swamp:1  | Noticed Jorgrun
 29402 | Swamp:1  | Killed Jorgrun
 29835 | Swamp:2  | HP: 8/181 [spriggan air mage/the air (28)]
 29835 | Swamp:2  | Mangled by a goliath frog

Illustrated notes

Levels and vault maps discovered:
D:1:      zelgadis_glass_arrival_small, layout_loops_corners, serial_shops,
          nicolae_shop_advertising_works [nicolae_subvault_shop_adworks],
          minmay_crystal_water, minmay_gold_behind_fungi
D:2:      layout_basic, hellmonk_ecumenical_altar_blasted
D:3:      layout_rooms
D:4:      minmay_angry_zag, layout_basic, nicolae_overflow_hallway_of_the_gods,
          temple_pool_b, serial_curves, eino_curves_01, eino_curves_04,
          chequers_serial_rivers_micro_d, uniq_menkaure, uniq_crazy_yiuf_cottage
D:5:      layout_loops_ring, grunt_temple_overflow_magic_moments,
          gammafunk_ghost_icy
D:6:      layout_basic, uniq_jeremiah
D:7:      layout_basic, nzn_random_ring, uniq_joseph, uniq_maggie
D:8:      layout_basic, chequers_serial_rivers_micro_c
D:9:      minmay_inner_zag, layout_loops_ring, uniq_erica
D:10:     layout_stronghold, general_overflow_altar, grunt_livestock
D:11:     layout_basic, dpeg_oklobed_lair, zombieorc1_lemuel
D:12:     layout_gridville
D:13:     layout_loops_ring, skrybe_vaults_entry_preservation,
          lemuel_old_faithful
D:14:     layout_cross, nicolae_hepliaklqana_hazy_memory, hex_tiny
D:15:     hangedman_depths_entry_try_elsewhere_first, layout_long_grid,
          nicolae_qazlal_general_emergency, uniq_kirke
Temple:   minmay_freezing_vapour_temple
Lair:1:   layout_loops_ring, gauntlet_entry_generic, pond, lemuel_fruit_fields,
          uniq_harold
Lair:2:   layout_roguey, alex1729_snake_entry_snake, gammafunk_ghost_split,
          minivault_25, beast_lair_carwin_9
Lair:3:   layout_chaotic_city, swamp_mist_pool, nicolae_lair_grazing_beasts
          [nicolae_sub_lair_graze_edge, nicolae_sub_lair_graze_edge,
          nicolae_sub_lair_graze_edge, nicolae_sub_lair_graze_edge],
          lemuel_fruit_tree, uniq_nessos
Lair:4:   layout_cave_pods, dpeg_slime_entry_corner
Lair:5:   due_jungle_book, layout_big_grid, cheibrodos_lair_lostbears
Swamp:1:  layout_falls_marsh, nicolae_swamp_ascending_descending,
          infiniplex_staircase_pool, uniq_jorgrun
Swamp:2:  layout_basic_swamp, nicolae_swamp_round_clearing
Orc:1:    layout_diamond_mine, basic_altar, bloody_makhleb, uniq_maurice
Orc:2:    hellmonk_orc_salted, layout_diamond_mine, serial_shops,
          nicolae_shop_industrial_runoff

Skill      XL: |  1  2  3  4  5  6  7  8  9 10 11 12 13 14 15 16 |
---------------+-------------------------------------------------+-----
Stealth        | 2 3 4 9 10 13 14 | 14.0
Fighting       | 2 4 6 8 10 12 13 14 15 16 | 16.9
Unarmed Combat | 4 5 6 8 9 10 12 13 14 15 16 | 16.9
Dodging        | 2 3 4 5 7 9 |  9.0
Evocations     | 2 3 4 6 |  6.0
Shapeshifting  | 7 10 | 10.0
Spellcasting   | 2 |  2.0

Action                     |  1- 3 |  4- 6 |  7- 9 | 10-12 | 13-15 | 16-18 || total
---------------------------+-------+-------+-------+-------+-------+-------++-------
  Melee: Unarmed           |    61 |    45 |   148 |   311 |   706 |   200 ||  1471
         Punch             |     1 |     2 |     3 |     2 |       |       ||     8
         Constrict         |       |       |       |    68 |   135 |    47 ||   250
 Invoke: Recall Ancestor   |       |       |     3 |     9 |     6 |     1 ||    19
         Ancestor Identity |       |       |     1 |       |       |       ||     1
         Ancestor Life: He |       |       |     1 |       |       |       ||     1
Ability: Spit Poison       |    26 |    23 |    53 |    74 |    26 |     1 ||   203
  Evoke: Wand              |       |     7 |     4 |     5 |    20 |       ||    36
    Use: Scroll            |       |       |     5 |     3 |    15 |     5 ||    28
         Potion            |       |       |       |       |     1 |       ||     1
   Stab: Sleeping          |     3 |     1 |       |     1 |     8 |     2 ||    15
         Confused          |       |       |     1 |    15 |    26 |     8 ||    50
         Distracted        |       |       |       |     4 |    23 |     4 ||    31
         Paralysed         |       |       |       |       |    22 |    15 ||    37
 Armour: Animal skin       |    35 |    27 |    80 |       |       |       ||   142
         Steam dragon scal |       |       |     7 |    25 |       |       ||    32
         Skin              |       |       |       |   177 |   346 |   185 ||   708
  Dodge: Dodged            |    17 |    24 |    67 |   148 |   446 |   227 ||   929
   Form: Serpent           |       |       |       |     2 |     1 |       ||     3
         Beast             |       |       |       |     1 |       |       ||     1
                           |       |       |       |       |     1 |       ||     1
